 Dungeon Crawl Stone Soup version 0.22-b1-59-g0aedee7 (webtiles) character file.

5545 Lilu the Destroyer (level 10, 0/64 HPs)
             Began as a Deep Elf Conjurer on Aug 9, 2018.
             Was a Priest of Vehumet.
             Succumbed to Sonja's poison
             ... on level 10 of the Dungeon.
             The game lasted 00:36:36 (9642 turns).

Lilu the Destroyer (Deep Elf Conjurer)              Turns: 9642, Time: 00:36:37

Health: 0/64       AC:  5    Str:  8    XL:     10   Next: 43%
Magic:  24/24      EV: 13    Int: 21    God:    Vehumet [***...]
Gold:   481        SH:  3    Dex: 15    Spells: 17/25 levels left

rFire    . . .     SeeInvis .   M - +1 dagger (venom)
rCold    + . .     Gourm    .   D - +0 buckler
rNeg     + . .     Faith    .   L - +1 robe {rN+}
rPois    .         Spirit   .   (no helmet)
rElec    .         Reflect  .   (no cloak)
rCorr    .         Harm     .   a - +0 pair of gloves
MR       +....                  O - +0 pair of boots
Stlth    ++........             b - amulet of regeneration
HPRegen  0.60/turn              K - ring of protection from cold
MPRegen  0.19/turn              (no ring)

@: lethally poisoned (0 -> -29), slowed, very slow
A: no striking features
a: Renounce Religion


You were on level 10 of the Dungeon.
You worshipped Vehumet.
Vehumet was most pleased with you.
You were not hungry.

You visited 2 branches of the dungeon, and saw 11 of its levels.

You collected 481 gold pieces.

Inventory:

Hand Weapons
 i - a +1 dagger of electrocution
 t - a +0 flail of venom
 M - a +1 dagger of venom (weapon)
Missiles
 v - 93 sling bullets
 x - 92 arrows
Armour
 a - a +0 pair of gloves (worn)
 z - the +0 ring mail "Fudew" {Dex+4, unknown}
   (You found it on level 5 of the Dungeon)

   It affects your dexterity (+4).
 D - a +0 buckler (worn)
 G - a +0 troll leather armour
 L - a +1 robe of positive energy (worn)
 O - a +0 pair of boots (worn)
Magical Staves
 H - an uncursed staff of poison
 N - an uncursed staff of earth
Jewellery
 b - an amulet of regeneration (around neck)
 k - a +3 amulet of reflection
 K - a ring of protection from cold (left hand)
Wands
 u - a wand of polymorph (29)
 B - a wand of digging (8)
 I - a wand of iceblast (10)
 R - a wand of enslavement (17)
Scrolls
 e - a scroll of immolation {unknown}
 f - 9 scrolls of identify {unknown}
 g - 11 scrolls of remove curse {unknown}
 h - 5 scrolls of teleportation {unknown}
 j - 6 scrolls of blinking {unknown}
 m - a scroll of fog {unknown}
 p - 2 scrolls of random uselessness {unknown}
 s - a scroll of enchant armour {unknown}
 y - 3 scrolls of enchant weapon {unknown}
 F - a scroll of magic mapping {unknown}
Potions
 d - 4 potions of flight {unknown}
 l - 3 potions of cancellation {unknown}
 n - 3 potions of berserk rage {unknown}
 o - 3 potions of degeneration {unknown}
 q - 2 potions of heal wounds {unknown}
 r - a potion of invisibility {unknown}
 A - 2 potions of haste {unknown}
 C - 3 potions of ambrosia {unknown}
 E - 2 potions of curing {unknown}
 Q - a potion of lignification {unknown}
Comestibles
 c - 10 rations
 w - 20 chunks of flesh


   Skills:
 - Level 8.0 Fighting
 + Level 3.8 Dodging
 - Level 2.4 Stealth
 - Level 8.0 Spellcasting
 - Level 12.0 Conjurations
 + Level 2.4 Fire Magic


You had 17 spell levels left.
You knew the following spells:

 Your Spells              Type           Power        Failure   Level  Hunger
a - Magic Dart            Conj           ####         1%          1    None
b - Searing Ray           Conj           ######       1%          2    None
c - Iskenderun's Mystic   Conj           ######..     1%          4    ###....
d - Flame Tongue          Conj/Fire      #####        1%          1    None

Your spell library contained the following spells:

 Spells                   Type           Power        Failure   Level  Hunger
 Spider Form              Tmut/Pois      #.........   36%         3    None
 Blade Hands              Tmut           #.........   98%         5    #####..
 Ice Form                 Ice/Tmut       #.......     78%         4    ###....
 Sticks to Snakes         Tmut           #.......     21%         2    None
 Beastly Appendage        Tmut           #.....       13%         1    None
 Fulminant Prism          Conj/Hex       ####......   3%          4    ###....
 Dazzling Spray           Conj/Hex       ####..       1%          3    None
 Force Lance              Conj/Tloc      ####....     3%          4    ###....


Dungeon Overview and Level Annotations

Branches:
Dungeon (10/15)            Temple (1/1) D:4
   Lair: D:8-11         Orc: D:9-12

Altars:
Ashenzari
Cheibriados
Dithmenos
Elyvilon
Fedhas
Gozag
Kikubaaqudgha
Makhleb
Nemelex Xobeh
Okawaru
Qazlal
Sif Muna
Trog
Uskayaw
Vehumet
Wu Jian
Xom
Yredelemnul
Zin
The Shining One

Shops:
D:4 =(   D:5 [

Annotations:
D:10 Snorg, Sonja


Message History

Sonja wields an uncursed dagger of venom.
It begins to drip with poison!
Sonja hits you with an uncursed dagger of venom!
* * * LOW HITPOINT WARNING * * *
You are lethally poisoned!
Sonja completely misses you. Sonja hits you but does no damage.
You see here a curare-tipped needle.
* * * LOW HITPOINT WARNING * * *
You feel very sick.
Sonja hits you with an uncursed dagger of venom.
* * * LOW HITPOINT WARNING * * *
You block Sonja's attack.
Sonja hits you with an uncursed dagger of venom.
* * * LOW HITPOINT WARNING * * *
You are more poisoned.
Sonja hits you with an uncursed dagger of venom.
* * * LOW HITPOINT WARNING * * *
You are more poisoned.
Sonja hits you but does no damage. Sonja barely misses you.
You die...

§........O....# §#KW.. #'#
#§.§..####.#######
##.§...#..........#
§...(..#..........#
.......#..........#######
.......#..............÷.##
......(#......K...#####..#
.......'..(((.(.@........#
##...####.####...#.#.#.#.#
#. ### ##'.........##
..#.#.#.#.#.#
.............##
...#.#.#.#.#.#.#
#...............##
#..#.#.#.#.#.#.#.#
.............##


You could see Sonja.

Vanquished Creatures
  A two-headed ogre (D:8)
  Joseph (D:7)
  A troll (D:10)
  A hippogriff (D:10)
  A hungry ghost (D:7)
  An orc warrior (D:9)
  A sky beast (D:8)
  2 phantoms
  A black bear (D:8)
  3 ice beasts
  An ogre (D:7)
  2 necrophages
  A crocodile (D:10)
  2 centaurs
  5 bullfrogs
  2 gnoll sergeants
  A water moccasin zombie (D:5)
  4 scorpions
  A water moccasin skeleton (D:7)
  8 wights (D:6)
  4 killer bees (D:7)
  4 howler monkeys
  A bullfrog zombie (D:8)
  A jelly (D:5)
  A quasit (D:7)
  A centaur zombie (D:7)
  2 crimson imps (D:5)
  3 orc priests
  5 hounds
  A centaur skeleton (D:3)
  A bullfrog skeleton (D:4)
  3 iguanas
  Terence (D:3)
  11 orc wizards
  6 worker ants
  2 hound zombies (D:6)
  A hound skeleton (D:5)
  13 adders
  9 gnolls
  2 howler monkey skeletons (D:8)
  2 shadow imps
  2 oozes
  An adder skeleton (D:9)
  2 dart slugs
  6 leopard geckos
  34 orcs
  5 ball pythons
  9 giant cockroaches
  6 goblins
  6 hobgoblins
  2 jackals (D:7)
  7 quokkas
  2 bats (D:1)
  3 frilled lizards
  8 kobolds
  A quokka skeleton (D:4)
  8 rats
  A fungus (D:1)
217 creatures vanquished.

Notes
Turn   | Place    | Note
-------+----------+-------------------------------------------
     0 | D:1      | Lilu the Deep Elf Conjurer began the quest for the Orb.
     0 | D:1      | Reached XP level 1. HP: 10/10 MP: 6/6
   266 | D:1      | Reached XP level 2. HP: 15/15 MP: 5/8
   329 | D:1      | Reached skill level 5 in Conjurations
   371 | D:1      | Found a glowing golden altar of the Shining One.
   851 | D:2      | Found an ancient bone altar of Kikubaaqudgha.
   869 | D:2      | Reached XP level 3. HP: 19/19 MP: 3/9
   873 | D:2      | Learned a level 2 spell: Searing Ray
  1119 | D:2      | Reached skill level 6 in Conjurations
  1335 | D:2      | Reached XP level 4. HP: 19/24 MP: 8/10
  1346 | D:2      | Learned a level 4 spell: Iskenderun's Mystic Blast
  1882 | D:3      | Reached skill level 7 in Conjurations
  1882 | D:3      | Reached XP level 5. HP: 18/28 MP: 0/11
  2279 | D:3      | Reached skill level 8 in Conjurations
  2279 | D:3      | Reached XP level 6. HP: 22/32 MP: 3/12
  2920 | D:3      | Noticed Terence
  2927 | D:3      | Killed Terence
  2927 | D:3      | Reached skill level 5 in Spellcasting
  3141 | D:4      | Found a sparkling altar of Nemelex Xobeh.
  3184 | D:4      | Found a staircase to the Ecumenical Temple.
  3194 | Temple   | Entered the Ecumenical Temple
  3213 | Temple   | Became a worshipper of Vehumet
  3397 | D:4      | Reached XP level 7. HP: 32/37 MP: 13/18
  3449 | D:4      | Reached skill level 1 in Fighting
  3688 | D:4      | Found Tiku Roc's Jewellery Emporium.
  3769 | D:4      | Found Xary's Weapon Shoppe.
  3849 | D:4      | Found an iron altar of Okawaru.
  3851 | D:4      | Found a bloodstained altar of Trog.
  3907 | D:5      | Entered Level 5 of the Dungeon
  3936 | D:5      | Found Moyhenuy's Antique Armour Boutique.
  4132 | D:5      | Found a white marble altar of Elyvilon.
  4199 | D:5      | Reached * piety under Vehumet
  4199 | D:5      | Offered knowledge of Flame Tongue by Vehumet.
  4253 | D:5      | Learned a level 1 spell: Flame Tongue
  4262 | D:5      | Got a scorched ring mail
  4389 | D:5      | Found a shimmering altar of Xom.
  4917 | D:6      | Reached XP level 8. HP: 46/46 MP: 17/22
  5426 | D:6      | Reached skill level 5 in Fighting
  5493 | D:6      | Found a glowing silver altar of Zin.
  5566 | D:6      | Found a basalt altar of Yredelemnul.
  5566 | D:6      | Found a deep blue altar of Sif Muna.
  5614 | D:6      | Reached ** piety under Vehumet
  5749 | D:6      | Offered knowledge of Throw Flame by Vehumet.
  6036 | D:6      | Found an iron altar of Okawaru.
  6137 | D:7      | Found a stormy altar of Qazlal.
  6266 | D:7      | Noticed Joseph
  6353 | D:7      | Reached XP level 9. HP: 50/56 MP: 18/23
  6387 | D:7      | Found a shattered altar of Ashenzari.
  6572 | D:7      | Killed Joseph
  7039 | D:7      | Found a snail-covered altar of Cheibriados.
  7382 | D:7      | Reached skill level 9 in Conjurations
  7503 | D:8      | Offered knowledge of Mephitic Cloud by Vehumet.
  7694 | D:8      | Noticed a two-headed ogre
  7739 | D:8      | Killed a two-headed ogre
  7739 | D:8      | Reached skill level 10 in Conjurations
  7741 | D:8      | Noticed a cyclops
  7765 | D:8      | Reached XP level 10. HP: 51/64 MP: 5/24
  7885 | D:8      | Noticed a centaur warrior
  7981 | D:8      | Reached skill level 11 in Conjurations
  8245 | D:8      | Reached *** piety under Vehumet
  8638 | D:9      | Noticed a hand axe
  8638 | D:9      | Noticed a hand axe
  8640 | D:9      | Found a hide-covered altar of Uskayaw.
  8939 | D:9      | Offered knowledge of Stone Arrow by Vehumet.
  9443 | D:10     | Entered Level 10 of the Dungeon
  9449 | D:10     | Noticed Snorg
  9489 | D:10     | Reached skill level 1 in Fire Magic
  9528 | D:10     | Reached skill level 12 in Conjurations
  9624 | D:10     | Noticed a two-headed ogre
  9632 | D:10     | Noticed Sonja
  9642 | D:10     | Succumbed to Sonja's poison

Skill      XL: |  1  2  3  4  5  6  7  8  9 10 |
---------------+-------------------------------+-----
Conjurations   | 5 6 7 8 10 12 | 12.0
Spellcasting   | 6 8 |  8.0
Fighting       | 3 6 8 |  8.0
Fire Magic     | 2 |  2.4
Dodging        | 3 |  3.8
Stealth        | |  2.4

Action                   |  1- 3 |  4- 6 |  7- 9 | 10-12 || total
-------------------------+-------+-------+-------+-------++-------
Melee: Unarmed           |    27 |       |       |       ||    27
       Dagger            |    16 |    28 |       |       ||    44
       Flail             |       |     4 |    72 |    18 ||    94
       Staff             |       |       |     6 |     3 ||     9
 Cast: Magic Dart        |    43 |    54 |    91 |    42 ||   230
       Searing Ray       |     2 |    22 |    53 |    21 ||    98
       Iskenderun's Myst |       |       |    11 |     6 ||    17
  Eat: Chunk             |     1 |     7 |    15 |     6 ||    29
Armor: Robe              |       |     6 |    19 |     9 ||    34
Dodge: Dodged            |     4 |    44 |   103 |    29 ||   180
Block: Other             |     2 |       |       |       ||     2
       Buckler           |       |       |    10 |     5 ||    15
       Reflection        |       |       |     2 |       ||     2
